 Dungeon Crawl Stone Soup version 0.20-a0-1127-g1289703 (webtiles) character file.

119 HankScorpio the Firebug (level 4, -1/24 HPs)
             Began as a Deep Elf Fire Elementalist on May 19, 2017.
             Slain by an orc
             ... wielding a +2 war axe of chopping
              (8 damage)
             ... on level 3 of the Dungeon.
             The game lasted 00:04:21 (1801 turns).

HankScorpio the Firebug (DEFE)                      Turns: 1801, Time: 00:04:21

Health: -1/24      AC:  3    Str:  5    XL:     4   Next: 73%
Magic:  5/12       EV: 13    Int: 21    God:
Gold:   143        SH:  0    Dex: 15    Spells: 11/12 levels left

rFire    . . .     SeeInvis .   (no weapon)
rCold    . . .     Gourm    +   (no shield)
rNeg     . . .     Faith    .   a - +0 robe
rPois    .         Spirit   .   (no helmet)
rElec    .         Reflect  .   (no cloak)
rCorr    .         Harm     .   h - +0 pair of gloves
MR       .....                  (no boots)
Stlth    ++........             v - amulet of the gourmand
Regen    0.1/turn               (no ring)
MPRegen  0.2/turn               (no ring)

@: no status effects
A: no striking features
a: no special abilities


You were on level 3 of the Dungeon.
You were not hungry.

You visited 1 branch of the dungeon, and saw 3 of its levels.

You collected 143 gold pieces.

Inventory:

Missiles
 g - 89 sling bullets
Armour
 a - a +0 robe (worn)
 h - a +0 pair of gloves (worn)
Jewellery
 v - an amulet of the gourmand (around neck)
Wands
 u - a wand of disintegration (10/24)
Scrolls
 i - 2 scrolls of remove curse {unknown}
 j - a scroll of enchant armour {unknown}
 p - 2 scrolls of blinking {unknown}
 q - 2 scrolls of identify {unknown}
 r - a scroll of fog {unknown}
Potions
 d - a potion of haste {unknown}
 e - 2 potions of flight {unknown}
 k - a potion of ambrosia {unknown}
 l - 2 potions of curing {unknown}
 m - a potion of lignification {unknown}
 n - a potion of berserk rage {unknown}
 o - a potion of resistance {unknown}
 s - a potion of brilliance {unknown}
Books
 b - a book of Flames

   Spells                             Type                      Level
   a - Flame Tongue                   Conjuration/Fire             1
   b - Throw Flame                    Conjuration/Fire             2
   c - Conjure Flame                  Conjuration/Fire             3
   d - Inner Flame                    Hexes/Fire                   3
   e - Sticky Flame                   Conjuration/Fire             4
   f - Fireball                       Conjuration/Fire             5
Comestibles
 c - 2 bread rations
 f - 2 meat rations
 t - 4 fruits


   Skills:
 - Level 2.4 Dodging
 - Level 2.4 Stealth
 + Level 4.6 Spellcasting
 + Level 1.9 Conjurations
 * Level 5.0 Fire Magic


You had 11 spell levels left.
You knew the following spells:

 Your Spells              Type           Power        Failure   Level  Hunger
a - Flame Tongue          Conj/Fire      ###..        2%          1    None


Dungeon Overview and Level Annotations

Branches:
Dungeon (3/15)

Altars:
Ashenzari
Dithmenos
Okawaru
Trog
Uskayaw
Vehumet

Annotations:
D:2 1 runed door


Message History

Aim: a hobgoblin, wielding a club (heavily wounded)
The flame tongue hits the hobgoblin.
You kill the hobgoblin!
Casting: Flame Tongue
Confirm with . or Enter, or press ? or * to list all spells.
Aiming: Flame Tongue
Press: ? - help, Shift-Dir - straight line, f - orc
Aim: an orc, wielding a war axe of chopping and wearing a ring mail The flame tongue hits the orc.
The orc appears unharmed.
The orc hits you with a war axe of chopping!
Ouch! That really hurt!
* * * LOW HITPOINT WARNING * * *
Casting: Flame Tongue
Confirm with . or Enter, or press ? or * to list all spells.
Aiming: Flame Tongue
Press: ? - help, Shift-Dir - straight line, f/p - orc
Aim: an orc, wielding a war axe of chopping and wearing a ring mail The flame tongue hits the orc.
The orc appears unharmed.
The orc hits you with a war axe of chopping!
You die...

......# #..##.....#......#.....#
#.....####..##.....#......#.....#
#.....##.....#.....#.......<...#
#.....##†###.###.###.....^.....#
#.....##. .# #.# #...........#
########. .. #.# ####†.......##
#. ..##.# #.......... #. ..##.#
#.......... ## #@# #.......†..
#o# #.......... ..# #####......
...# #......... ...(# #.........
....(# #.......## .....>#
#..)....# ......## #.......#
#.......#


You could see an orc.

Vanquished Creatures
  A water moccasin skeleton (D:3)
  2 adders (D:3)
  2 dart slugs
  2 leopard geckos
  A ball python (D:1)
  8 bats
  A giant cockroach (D:3)
  7 hobgoblins
  A jackal (D:3)
  6 kobolds
  3 quokkas
  3 frilled lizards
  5 goblins
  4 rats
46 creatures vanquished.

Notes
Turn   | Place    | Note
-------+----------+-------------------------------------------
     0 | D:1      | HankScorpio the Deep Elf Fire Elementalist began the quest for the Orb.
     0 | D:1      | Reached XP level 1. HP: 10/10 MP: 6/6
   247 | D:1      | Reached XP level 2. HP: 15/15 MP: 8/8
   714 | D:2      | Reached skill level 4 in Fire Magic
   803 | D:2      | Found a shadowy altar of Dithmenos.
   870 | D:2      | Reached XP level 3. HP: 16/19 MP: 8/10
   892 | D:2      | Found a faded altar of an unknown god.
  1035 | D:2      | Found a runed door.
  1069 | D:2      | Found a bloodstained altar of Trog.
  1135 | D:2      | Found a shattered altar of Ashenzari.
  1135 | D:2      | Found a hide-covered altar of Uskayaw.
  1136 | D:2      | Found an iron altar of Okawaru.
  1169 | D:2      | Found a radiant altar of Vehumet.
  1389 | D:3      | Reached XP level 4. HP: 20/24 MP: 8/12
  1792 | D:3      | Reached skill level 5 in Fire Magic
  1801 | D:3      | Slain by an orc

Vault maps used:
D:1:      evilmike_arrival_home_sweet_home, serial_glass, glass_columns_a,
          glass_columns_a, glass_columns_b, glass_columns_a, glass_columns_a,
          glass_columns_b, glass_columns_a, glass_columns_a, glass_columns_b,
          glass_columns_a, glass_columns_a, glass_columns_a, glass_columns_a,
          glass_columns_b, minmay_ruptured
D:2:      lightli_temple_of_fire, nicolae_overflow_quartered_altars,
          chequers_ecumenical_altar_simple_redux, first_bread,
          minmay_misc_feat_rows, grunt_dithmenos_smoke_and_mirrors,
          uniq_crazy_yiuf_cottage
D:3:      wad_rectangle_vault

Skill      XL: |  1  2  3  4 |
---------------+-------------+-----
Fire Magic     | 4 5 |  5.0
Spellcasting   | 4 |  4.6
Dodging        | |  2.4
Stealth        | |  2.4
Conjurations   | |  1.9

Action                   |  1- 3 |  4- 6 || total
-------------------------+-------+-------++-------
Throw: Javelin           |    34 |    22 ||    56
 Cast: Flame Tongue      |    33 |    31 ||    64
  Eat: Chunk             |       |     3 ||     3
Armor: Robe              |     6 |       ||     6
Dodge: Dodged            |     1 |    11 ||    12
